MLB
CLEVELAND INDIANS @ CINCINNATI REDS
08/15/2018
 
TOP OF THE 1ST
Cleveland Indians batting - Pitching for Cincinnati Reds : RHP Danny Salazar
Pitching: RHP Danny Salazar
Batting: LHB Jacoby Ellsbury 0-0: Ball
1-0: Foul Ball, location: 2F
1-1: Bunt for hit to 13 - play at first, batter OUT! 1-3
Batting: RHB Lane Adams 0-0: Foul Ball, location: 2F
0-1: Ball
1-1: Fly out, F8 (Flyball, 8LS)
Batting: LHB Matt Joyce 0-0: Swinging Strike
0-1: Ball
1-1: Foul Ball, location: 2F
1-2: Strikes out swinging
Top of the 1st over - 0 runs, 0 hits, 0 errors, 0 left on base; Cleveland 0 - Cincinnati 0
BOTTOM OF THE 1ST
Cincinnati Reds batting - Pitching for Cleveland Indians : RHP Trevor Oaks
Pitching: RHP Trevor Oaks
Batting: LHB Jarrod Dyson 0-0: Called Strike
0-1: Ball
1-1: Fly out, F4 (Line Drive, 4)
Batting: LHB Robinson Cano 0-0: Ball
1-0: Foul Ball, location: 2F
1-1: Ball
2-1: Fly out, F8 (Line Drive, 8LD)
Batting: RHB Edwin Encarnacion 0-0: Ground out 6-3 (Groundball, 6)
Bottom of the 1st over - 0 runs, 0 hits, 0 errors, 0 left on base; Cleveland 0 - Cincinnati 0
TOP OF THE 2ND
Cleveland Indians batting - Pitching for Cincinnati Reds : RHP Danny Salazar
Batting: LHB Eric Hosmer 0-0: Ball
1-0: Ball
2-0: Ball
3-0: Called Strike
3-1: Called Strike
3-2: Strikes out swinging
Batting: LHB Matt Carpenter 0-0: Called Strike
0-1: Foul Ball, location: 2F
0-2: Ball
1-2: Ball
2-2: SINGLE (Line Drive, 4MD)
Batting: RHB Marcus Semien 0-0: Grounds into double play, 5-4-3 (Groundball, 56)
Top of the 2nd over - 0 runs, 1 hit, 0 errors, 0 left on base; Cleveland 0 - Cincinnati 0
BOTTOM OF THE 2ND
Cincinnati Reds batting - Pitching for Cleveland Indians : RHP Trevor Oaks
Batting: LHB Joey Gallo 0-0: Ball
1-0: Ball
2-0: Ball
3-0: Foul Ball, location: 2F
3-1: Called Strike
3-2: Foul Ball, location: 2F
3-2: SOLO HOME RUN (Flyball, 9LD), Distance : 379 ft
Batting: RHB Adam Duvall 0-0: Ball
1-0: Called Strike
1-1: Ball
2-1: Foul Ball, location: 2F
2-2: Strikes out swinging
Batting: SHB Yasmani Grandal 0-0: SINGLE (Groundball, 34D)
Batting: RHB Trea Turner 0-0: Ball
1-0: Fly out, F8 (Line Drive, 8RD)
Batting: LHB Scooter Gennett 0-0: Called Strike
0-1: Fielders Choice at 2nd, 5-4 (Groundball, 6)
Bottom of the 2nd over - 1 run, 2 hits, 0 errors, 1 left on base; Cleveland 0 - Cincinnati 1
TOP OF THE 3RD
Cleveland Indians batting - Pitching for Cincinnati Reds : RHP Danny Salazar
Batting: LHB Brian McCann 0-0: Ball
1-0: Fly out, F8 (Line Drive, 8RM)
Batting: RHB Jung-ho Kang 0-0: Called Strike
0-1: Ball
1-1: Ground out 5-3 (Groundball, 56S)
Batting: RHB Trevor Oaks 0-0: Foul Ball, location: 2F
0-1: Ball
1-1: Called Strike
1-2: Strikes out swinging
Top of the 3rd over - 0 runs, 0 hits, 0 errors, 0 left on base; Cleveland 0 - Cincinnati 1
BOTTOM OF THE 3RD
Cincinnati Reds batting - Pitching for Cleveland Indians : RHP Trevor Oaks
Batting: RHB Danny Salazar 0-0: Ground out U3 (Groundball, 3)
Batting: LHB Jarrod Dyson 0-0: SINGLE (Line Drive, 8LS)
Batting: LHB Robinson Cano 0-0: Called Strike
0-1: Ball
1-1: Swinging Strike
1-2: Ball
2-2: Ball
3-2: Strikes out looking
Jarrod Dyson steals 2nd base
Batter strikes out.
Batting: RHB Edwin Encarnacion 0-0: Ball
Wild Pitch!
Jarrod Dyson to third
1-0: 2-RUN HOME RUN (Flyball, 7D), Distance : 380 ft
Batting: LHB Joey Gallo 0-0: Ball
1-0: Ball
2-0: Foul Ball, location: 2F
2-1: Ball
3-1: Fly out, F8 (Flyball, 8RM)
Bottom of the 3rd over - 2 runs, 2 hits, 0 errors, 0 left on base; Cleveland 0 - Cincinnati 3
TOP OF THE 4TH
Cleveland Indians batting - Pitching for Cincinnati Reds : RHP Danny Salazar
Batting: LHB Jacoby Ellsbury 0-0: Called Strike
0-1: Ball
1-1: Called Strike
1-2: Ball
2-2: Ball
3-2: SINGLE (Groundball, 34D)
Batting: RHB Lane Adams 0-0: Called Strike
0-1: Called Strike
0-2: Strikes out swinging
Batting: LHB Matt Joyce 0-0: Swinging Strike
0-1: Swinging Strike
0-2: Ball
1-2: Foul Ball, location: 2F
1-2: Ball
2-2: SINGLE (Line Drive, 9LS)
Jacoby Ellsbury to second
Runner from 2nd tries for 3rd, SAFE, no throw by RF
Batting: LHB Eric Hosmer 0-0: Swinging Strike
0-1: Swinging Strike
0-2: Fly out, F6 (Popup, P)
Batting: LHB Matt Carpenter 0-0: Foul Ball, location: 2F
0-1: Ball
1-1: Ball
2-1: Swinging Strike
2-2: Strikes out swinging
Top of the 4th over - 0 runs, 2 hits, 0 errors, 2 left on base; Cleveland 0 - Cincinnati 3
BOTTOM OF THE 4TH
Cincinnati Reds batting - Pitching for Cleveland Indians : RHP Trevor Oaks
Batting: RHB Adam Duvall 0-0: Called Strike
0-1: Ground out U3 (Groundball, 3S)
Batting: SHB Yasmani Grandal 0-0: Called Strike
0-1: Ball
1-1: Foul Ball, location: 2F
1-2: SINGLE (Flyball, 89S)
Batting: RHB Trea Turner 0-0: Ball
1-0: Foul Ball, location: 2F
1-1: Ball
2-1: Called Strike
2-2: Strikes out swinging
Batting: LHB Scooter Gennett 0-0: SINGLE (Groundball, 56D)
Yasmani Grandal to second
Batting: RHB Danny Salazar 0-0: Called Strike
0-1: Swinging Strike
0-2: Ball
1-2: Foul Ball, location: 2F
1-2: Strikes out swinging
Bottom of the 4th over - 0 runs, 2 hits, 0 errors, 2 left on base; Cleveland 0 - Cincinnati 3
TOP OF THE 5TH
Cleveland Indians batting - Pitching for Cincinnati Reds : RHP Danny Salazar
Batting: RHB Marcus Semien 0-0: Ball
1-0: Ball
2-0: Called Strike
2-1: Called Strike
2-2: Fly out, F3 (Popup, 3L)
Batting: LHB Brian McCann 0-0: Foul Ball, location: 2F
0-1: Ball
1-1: Foul Ball, location: 2F
1-2: Ball
2-2: Strikes out swinging
Batting: RHB Jung-ho Kang 0-0: Ball
1-0: Called Strike
1-1: Foul Ball, location: 2F
1-2: Ball
2-2: Ball
3-2: Strikes out swinging
Top of the 5th over - 0 runs, 0 hits, 0 errors, 0 left on base; Cleveland 0 - Cincinnati 3
BOTTOM OF THE 5TH
Cincinnati Reds batting - Pitching for Cleveland Indians : RHP Trevor Oaks
Batting: LHB Jarrod Dyson 0-0: Ball
1-0: Swinging Strike
1-1: Swinging Strike
1-2: Foul Ball, location: 2F
1-2: Strikes out swinging
Batting: LHB Robinson Cano 0-0: SOLO HOME RUN (Flyball, 78XD), Distance : 398 ft
Batting: RHB Edwin Encarnacion 0-0: Swinging Strike
0-1: Foul Ball, location: 2F
0-2: Ball
1-2: Fly out, F7 (Flyball, 7LM)
Batting: LHB Joey Gallo 0-0: Ball
1-0: Called Strike
1-1: Fly out, F9 (Flyball, 9D)
Bottom of the 5th over - 1 run, 1 hit, 0 errors, 0 left on base; Cleveland 0 - Cincinnati 4
TOP OF THE 6TH
Cleveland Indians batting - Pitching for Cincinnati Reds : RHP Danny Salazar
Pinch Hitting: LHB Christian Yelich 0-0: Ball
1-0: Foul Ball, location: 2F
1-1: Foul Ball, location: 2F
1-2: Ball
2-2: Ground out 4-3 (Groundball, 4)
Batting: LHB Jacoby Ellsbury 0-0: Swinging Strike
0-1: Ball
1-1: Called Strike
1-2: Strikes out looking
Batting: RHB Lane Adams 0-0: Ball
1-0: Fly out, F9 (Flyball, 9)
Top of the 6th over - 0 runs, 0 hits, 0 errors, 0 left on base; Cleveland 0 - Cincinnati 4
BOTTOM OF THE 6TH
Cincinnati Reds batting - Pitching for Cleveland Indians : RHP Trevor Oaks
Pitching: LHP Zac Rosscup
Batting: RHB Adam Duvall 0-0: Swinging Strike
0-1: Foul Ball, location: 2F
0-2: Ball
1-2: SOLO HOME RUN (Flyball, 78XD), Distance : 388 ft
Batting: SHB Yasmani Grandal 0-0: Swinging Strike
0-1: Called Strike
0-2: Ball
1-2: Strikes out swinging
Batting: RHB Trea Turner 0-0: Foul Ball, location: 2F
0-1: Foul Ball, location: 2F
0-2: SINGLE (Groundball, 6MD)
Batting: LHB Scooter Gennett 0-0: Ball
1-0: Foul Ball, location: 2F
1-1: Ball
2-1: Foul Ball, location: 2F
2-2: Strikes out swinging
Batting: RHB Danny Salazar 0-0: Foul Ball, location: 2F
0-1: Ball
1-1: Swinging Strike
1-2: Strikes out swinging
Bottom of the 6th over - 1 run, 2 hits, 0 errors, 1 left on base; Cleveland 0 - Cincinnati 5
TOP OF THE 7TH
Cleveland Indians batting - Pitching for Cincinnati Reds : RHP Danny Salazar
Batting: LHB Matt Joyce 0-0: Ball
1-0: Foul Ball, location: 2F
1-1: Ball
2-1: Called Strike
2-2: Strikes out swinging
Batting: LHB Eric Hosmer 0-0: Foul Ball, location: 2F
0-1: Called Strike
0-2: Ball
1-2: Ground out 4-3 (Groundball, 4D)
Batting: LHB Matt Carpenter 0-0: Called Strike
0-1: Ball
1-1: Ground out 1-3 (Groundball, 34S)
Top of the 7th over - 0 runs, 0 hits, 0 errors, 0 left on base; Cleveland 0 - Cincinnati 5
BOTTOM OF THE 7TH
Cincinnati Reds batting - Pitching for Cleveland Indians : LHP Zac Rosscup
Batting: LHB Jarrod Dyson 0-0: Ball
1-0: Foul Ball, location: 2F
1-1: Ball
2-1: Foul Ball, location: 2F
2-2: Foul Ball, location: 2F
2-2: SINGLE (Groundball, 34D)
Pitching: RHP Hector Rondon
Batting: LHB Robinson Cano 0-0: Called Strike
0-1: Ball
1-1: SINGLE (Groundball, 4) (infield hit)
Jarrod Dyson to second
Batting: RHB Edwin Encarnacion 0-0: Called Strike
0-1: Fly out, F4 (Popup, 13S)
Batting: LHB Joey Gallo 0-0: Ball
1-0: Ball
2-0: Ball
3-0: Foul Ball, location: 2F
3-1: Foul Ball, location: 2F
3-2: Base on Balls
Jarrod Dyson to third
Robinson Cano to second
Batting: RHB Adam Duvall 0-0: DOUBLE (Flyball, 89D)
Jarrod Dyson scores
Robinson Cano scores
Joey Gallo to third
Runner from 3rd tries for Home, throw by RF and OUT! 9-4-2
Adam Duvall to third
Batting: SHB Yasmani Grandal 0-0: Foul Ball, location: 2F
0-1: Ball
1-1: Called Strike
1-2: Foul Ball, location: 2F
1-2: Ball
2-2: Ball
3-2: SINGLE (Flyball, 7LS)
Adam Duvall scores
Batting: RHB Trea Turner 0-0: Foul Ball, location: 2F
0-1: Ball
1-1: Foul Ball, location: 2F
1-2: Fielders Choice at 2nd, 6-4 (Groundball, 56)
Bottom of the 7th over - 3 runs, 4 hits, 0 errors, 1 left on base; Cleveland 0 - Cincinnati 8
TOP OF THE 8TH
Cleveland Indians batting - Pitching for Cincinnati Reds : RHP Danny Salazar
Batting: RHB Marcus Semien 0-0: Ball
1-0: Ball
2-0: Called Strike
2-1: Ball
3-1: Base on Balls
Batting: LHB Brian McCann 0-0: Called Strike
0-1: Swinging Strike
0-2: Ball
1-2: Strikes out swinging
Batting: RHB Jung-ho Kang 0-0: Ball
Wild Pitch!
Marcus Semien to second
1-0: Swinging Strike
1-1: Swinging Strike
1-2: Strikes out swinging
Pinch Hitting: RHB Steven Souza Jr. 0-0: Swinging Strike
0-1: Called Strike
0-2: Foul Ball, location: 2F
0-2: Ball
1-2: Ball
2-2: Ground out 5-3 (Groundball, 5)
Top of the 8th over - 0 runs, 0 hits, 0 errors, 1 left on base; Cleveland 0 - Cincinnati 8
BOTTOM OF THE 8TH
Cincinnati Reds batting - Pitching for Cleveland Indians : RHP Hector Rondon
Pitching: RHP Chi Chi Gonzalez
Batting: LHB Scooter Gennett 0-0: Ball
1-0: DOUBLE (Flyball, 89D)
Pinch Hitting: LHB Colby Rasmus 0-0: Called Strike
0-1: Foul Ball, location: 2F
0-2: Ball
1-2: Ball
2-2: Ground out U3 (Groundball, 3)
Scooter Gennett to third
Batting: LHB Jarrod Dyson 0-0: Ball
1-0: Foul Ball, location: 2F
1-1: Called Strike
1-2: Fly out, F6 (Line Drive, 6)
Batting: LHB Robinson Cano 0-0: Ball
Wild Pitch!
Scooter Gennett scores
1-0: Foul Ball, location: 2F
1-1: Reached on error, E4 (Groundball, 4)
Batting: RHB Edwin Encarnacion 0-0: Ball
1-0: Called Strike
1-1: Foul Ball, location: 2F
1-2: Strikes out swinging
Bottom of the 8th over - 1 run, 1 hit, 1 error, 1 left on base; Cleveland 0 - Cincinnati 9
TOP OF THE 9TH
Cleveland Indians batting - Pitching for Cincinnati Reds : RHP Danny Salazar
Pitching: RHP Jake Peavy
Batting: LHB Jacoby Ellsbury 0-0: Ball
1-0: Ball
2-0: Fly out, F8 (Flyball, 89M)
Batting: RHB Lane Adams 0-0: Ball
1-0: SINGLE (Groundball, 4MD)
Batting: LHB Matt Joyce 0-0: Ball
Wild Pitch!
Lane Adams to second
1-0: Called Strike
1-1: Foul Ball, location: 2F
1-2: Ball
2-2: Ground out 6-3 (Groundball, 4)
Lane Adams to third
Batting: LHB Eric Hosmer 0-0: Foul Ball, location: 2F
0-1: DOUBLE (Groundball, 3L)
Lane Adams scores
Batting: LHB Matt Carpenter 0-0: Called Strike
0-1: Called Strike
0-2: Strikes out swinging
Top of the 9th over - 1 run, 2 hits, 0 errors, 1 left on base; Cleveland 1 - Cincinnati 9
Thursday, October 25th, 2018 - OOTP Baseball 19.8 Build 79